 Dungeon Sprint DCSS version 0.31-a0-662-g684573625c (webtiles) character file.

Game seed: 16338522301988710976

71 sircluck the Scholar of Death (level 4, -3/30 HPs)
             Began as a Mummy Necromancer on Sept 1, 2023.
             Was a Follower of Kikubaaqudgha.
             Slain by a wolf (9 damage)
             ... in the Dungeon (Sprint VII: "The Pits").
             The game lasted 00:01:48 (264 turns).

sircluck the Scholar of Death (Mummy Necromancer)    Turns: 264, Time: 00:01:49

Health: -3/30      AC:  2    Str: 11    XL:     4   Next: 5%
Magic:  7/11       EV: 13    Int: 16    God:    Kikubaaqudgha [*.....]
Gold:   0          SH:  0    Dex: 12    Spells: 12/13 levels left

rFire   x . .        g - +2 dagger
rCold   + . .        (no shield)
rNeg    + + +        a - +0 robe
rPois   ∞            (no helmet)
rElec   .            (no cloak)
rCorr   .            (no gloves)
SInv    .            (no boots)
Will    .....        (no amulet)
Stlth   ++           (no ring)
HPRegen 0.25/turn    (no ring)
MPRegen 0.12/turn

%: no teleportation, faith
@: no status effects
A: cold resistance 1, negative energy resistance 3, torment resistance 2, heat
vulnerability 1, in touch with death 1, no potions, faith
a: Renounce Religion, Unearth Wretches


You were in the Dungeon.
You worshipped Kikubaaqudgha.
Kikubaaqudgha was aware of your devotion.
You visited 1 branch

Inventory:

Hand Weapons
 g - a +2 dagger (weapon)
Missiles
 f - 10 stones
Armour
 a - a +0 robe (worn)
Scrolls
 c - 2 scrolls of vulnerability
 d - 5 scrolls of amnesia
 e - a scroll of butterflies


   Skills:
 + Level 3.5 Dodging
 + Level 3.8 Stealth
 + Level 5.4 Spellcasting
 + Level 5.6 Necromancy


You had 12 spell levels left.
You knew the following spells:

 Your Spells              Type           Power      Damage    Failure   Level
a - Necrotise             Necr           100%       1d9       1%          1

Your spell library contained the following spells:

 Spells                   Type           Power      Damage    Failure   Level
 Kiss of Death            Conj/Necr      80%        2d11      4%          1
 Vampiric Draining        Necr           33%        2d8       4%          3
 Animate Dead             Necr           33%        N/A       14%         4
 Agony                    Necr           33%        N/A       38%         5


Dungeon Overview and Level Annotations

Branches:
Dungeon (1/1)

Altars:
Ashenzari
Cheibriados
Dithmenos
Fedhas
Gozag
Hepliaklqana
Kikubaaqudgha
Makhleb
Nemelex Xobeh
Okawaru
Qazlal
Ru
Sif Muna
Trog
Uskayaw
Vehumet
Wu Jian
Xom
Yredelemnul
Jiyva
Lugonu


Innate Abilities, Weirdness & Mutations

You are immune to poison.
Your flesh is cold resistant. (rC+)
You are immune to negative energy. (rN+++)
You are immune to unholy pain and torment.
You are vulnerable to heat. (rF-)
You are in touch with the powers of death.
You do not drink.
You have a special connection with the divine. (Faith)


Message History

Unknown command.
A ball python skeleton comes into view.
Casting: Necrotise (safe; 1% risk of failure)
Confirm with . or Enter, or press ? or * to list all spells.
You can't see any susceptible monsters within range! (Use Z to cast anyway.)
A scorpion and a wolf come into view.
The ufetubus shouts!
There is a large open door here.
The wolf bites you.
Casting: Necrotise (safe; 1% risk of failure)
Confirm with . or Enter, or press ? or * to list all spells.
Aiming: Necrotise (safe; 1% risk of failure)
Press: ? - help, Shift-Dir - straight line, f - wolf
Aim: a wolf (ally target, chance to affect: 83%)
You feel a surge of power!
The wolf barely resists.
The wolf barely misses you.
Your kobold skeleton misses the wolf.
The wolf misses you.
Your kobold skeleton barely misses the wolf.
Casting: Necrotise (safe; 1% risk of failure)
Confirm with . or Enter, or press ? or * to list all spells.
Aiming: Necrotise (safe; 1% risk of failure)
Press: ? - help, Shift-Dir - straight line, f/p - wolf
Aim: a wolf (ally target, chance to affect: 83%)
You feel a surge of power!
The wolf barely resists.
The wolf bites you!
The scorpion completely misses your kobold skeleton.
The wolf pauses to sniff the ground.
The wolf barely misses you.
Your kobold skeleton misses the wolf.
The scorpion stings your kobold skeleton.
Casting: Necrotise (safe; 1% risk of failure)
Confirm with . or Enter, or press ? or * to list all spells.
Aiming: Necrotise (safe; 1% risk of failure)
Press: ? - help, Shift-Dir - straight line, f/p - wolf
Aim: a wolf (ally target, chance to affect: 83%)
You feel a surge of power!
The wolf barely resists.
The wolf bites you!
* * * LOW HITPOINT WARNING * * *
The ufetubus hits your kobold skeleton.
Your kobold skeleton is destroyed!
The wolf bites you!
You die...
Kikubaaqudgha rasps: "You have failed me!
Welcome... oblivion!"

##########'##...........
#...!')))'.##......#..#.
##########.##...........
#...........'.........†.
#+#####'#####......#..#.
#..#...'.##...........
#..#...#.#####'#####++
#..#####.##.......#
#.Z'h@.#.##.......#
#..5s..).##.......#
#..########...<...# #..
#.......# #.. #.......#
### #.......# #########


You could see a wolf, a scorpion, an ufetubus and a ball python skeleton.

Vanquished Creatures
  A scorpion (D)
  A river rat (D)
  A hobgoblin (D)
  A kobold (D)
4 creatures vanquished.

Vanquished Creatures (collateral kills)
  A quokka zombie (D)
1 creature vanquished.

Grand Total: 5 creatures vanquished

Notes
Turn   | Place    | Note
-------+----------+-------------------------------------------
     0 | D        | sircluck the Mummy Necromancer began the quest for the Orb.
     0 | D        | Reached XP level 1. HP: 13/13 MP: 4/4
    55 | D        | Reached XP level 2. HP: 3/19 MP: 0/6
    94 | D        | Found a bloodstained altar of Trog.
    94 | D        | Found a shimmering blue altar of Sif Muna.
    94 | D        | Found a viscous altar of Jiyva.
    94 | D        | Found a hazy altar of Hepliaklqana.
    94 | D        | Found an opulent altar of Gozag.
    95 | D        | Found a basalt altar of Yredelemnul.
    95 | D        | Found a shimmering altar of Xom.
    95 | D        | Found an ornate altar of the Wu Jian Council.
    95 | D        | Found a sacrificial altar of Ru.
    95 | D        | Found a stormy altar of Qazlal.
    95 | D        | Found an iron altar of Okawaru.
    95 | D        | Found a sparkling altar of Nemelex Xobeh.
    95 | D        | Found a burning altar of Makhleb.
    95 | D        | Found a blossoming altar of Fedhas.
    95 | D        | Found a shadowy altar of Dithmenos.
    95 | D        | Found a snail-covered altar of Cheibriados.
    98 | D        | Found a corrupted altar of Lugonu.
    98 | D        | Found a radiant altar of Vehumet.
    99 | D        | Found an ancient bone altar of Kikubaaqudgha.
    99 | D        | Found a hide-covered altar of Uskayaw.
    99 | D        | Found a broken altar of Ashenzari.
   109 | D        | Became a worshipper of Kikubaaqudgha
   129 | D        | Noticed a scorpion
   150 | D        | Killed a scorpion
   151 | D        | Reached skill level 5 in Spellcasting
   151 | D        | Reached skill level 5 in Necromancy
   151 | D        | Reached XP level 3. HP: 6/24 MP: 0/9
   151 | D        | Reached XP level 4. HP: 8/30 MP: 0/11
   249 | D        | Reached * piety under Kikubaaqudgha
   249 | D        | Received a gift from Kikubaaqudgha
   259 | D        | Noticed a scorpion
   259 | D        | Noticed a wolf
   264 | D        | Slain by a wolf

Illustrated notes

Levels and vault maps discovered:
D:        pitsprint [storerooms_1, entrance_room_1, metal_vault_8, armoury_2,
          mini_pit_1, grid_room_1, main_hall_1, silver_pit, the_coven_1,
          the_vestibule_1, steel_vault_5, golden_pit, hallway_of_sentries,
          crystal_vault_1, iron_vault_2, final_vault]

Skill      XL: |  1  2 |
---------------+-------+-----
Dodging        | 2 3 |  3.5
Stealth        | 2 3 |  3.8
Spellcasting   | 3 5 |  5.4
Necromancy     | 5 |  5.6

Action                     |  1- 3 |  4- 6 || total
---------------------------+-------+-------++-------
  Melee: Unarmed           |    12 |       ||    12
         Dagger            |       |     3 ||     3
   Cast: Necrotise         |    14 |     6 ||    20
    Use: Scroll            |     1 |       ||     1
 Armour: Robe              |    12 |     6 ||    18
  Dodge: Dodged            |    15 |     5 ||    20

Table legend: (Time is in decaauts)
 A = Elapsed time spent in this place.
 B = Non-inter-level travel time spent in this place.
 C = Inter-level travel time spent in this place.
 D = Time resting spent in this place.
 E = Time spent auto-exploring this place.
 F = Levels seen in this place.
 G = Mean time per level.
                   A        B        C        D        E       F      G
               +--------+--------+--------+--------+--------+-----+--------+
         Total |    263 |    250 |     13 |     57 |      0 |   1 |  263.0 |
       Dungeon |    263 |    250 |     13 |     57 |      0 |   1 |  263.0 |
               +--------+--------+--------+--------+--------+-----+--------+

Top non-repeatable levels by time:
       D: 263 daAuts
